 Dungeon Crawl Stone Soup version 0.26-a0-651-gb41185065b (webtiles) character file.

Game seed: 14060407002232417979

149 Flugslaktarn the Covered (level 5, -1/50 HPs)
             Began as a Deep Dwarf Fighter on Oct 7, 2020.
             Slain by an ogre
             ... wielding a +0 giant club
              (13 damage)
             ... on level 4 of the Dungeon.
             The game lasted 00:00:40 (1001 turns).

Flugslaktarn the Covered (Deep Dwarf Fighter)       Turns: 1001, Time: 00:00:41

Health: -1/50      AC: 10    Str: 21    XL:     5   Next: 9%
Magic:  4/4        EV:  7    Int:  8    God:
Gold:   140        SH:  9    Dex: 12    Spells: 4/4 levels left

rFire    . . .     SeeInvis .   a - +0 war axe
rCold    . . .     Faith    .   c - +0 kite shield
rNeg     . . .     Spirit   .   b - +0 scale mail
rPois    .         Reflect  .   i - +1 hat
rElec    .         Harm     .   (no cloak)
rCorr    .         Rampage  .   l - +0 pair of gloves
MR       .....                  h - +0 pair of boots
Stlth    ..........             (no amulet)
HPRegen  0.00/turn              (no ring)
MPRegen  0.09/turn              (no ring)

@: non-regenerating
A: damage resistance, heal wounds, sense surroundings 1, no regeneration
a: Heal Wounds


You were on level 4 of the Dungeon.
You visited 1 branch of the dungeon, and saw 4 of its levels.

You collected 140 gold pieces.

Inventory:

Hand Weapons
 a - a +0 war axe (weapon)
Armour
 b - a +0 scale mail (worn)
 c - a +0 kite shield (worn)
 h - a +0 pair of boots (worn)
   (You found it on level 1 of the Dungeon)
 i - a +1 hat (worn)
   (You found it on level 2 of the Dungeon)
 l - a +0 pair of gloves (worn)
   (You found it on level 2 of the Dungeon)
Scrolls
 e - 4 scrolls of identify {unknown}
 j - a scroll of remove curse {unknown}
 k - a scroll of enchant weapon {unknown}
 n - a scroll of magic mapping {unknown}
 o - a scroll of fear {unknown}
 p - 2 scrolls of teleportation {unknown}
 q - a scroll of amnesia {unknown}
Potions
 d - 2 potions of might
 f - a potion of mutation {unknown}
 g - 2 potions of curing {unknown}
 m - a potion of lignification {unknown}
 r - 2 potions of heal wounds {unknown}
 s - a potion of flight {unknown}
 t - a potion of haste {unknown}


   Skills:
 * Level 3.7 Fighting
 * Level 3.8 Axes
 + Level 4.0 Armour
 + Level 3.9 Shields


You had 4 spell levels left.
You didn't know any spells.
Your spell library was empty.

Dungeon Overview and Level Annotations

Branches:
Dungeon (4/15)
 Temple: D:4-7

Altars:
Nemelex Xobeh
Qazlal


Innate Abilities, Weirdness & Mutations

You are resistant to damage.
You can heal yourself by infusing magical energy.
You passively map a small area around you.
You do not regenerate.


Message History

An orc wizard comes into view. It is wielding a +0 dagger.
Your scale mail prevents you from hitting the ogre.
The orc wizard shouts!
The ogre barely misses you.
You slash the ogre!
The ogre is moderately wounded.
Your shield and scale mail prevent you from hitting the orc.
You block the orc's attack. The ogre barely misses you.
The orc wizard mumbles some strange words.
The orc wizard blinks!
You closely miss the ogre.
The ogre is moderately wounded.
You hit the orc but do no damage.
The ogre hits you with a +0 giant club!!
* * * LOW HITPOINT WARNING * * *
You are too injured to fight recklessly!
You closely miss the orc. You barely miss the orc. You hit the ogre.
You block the orc's attack. The orc barely misses you.
The ogre hits you with a +0 giant club!
You die...

#####...........######,,....
############### ** ###.
#............ , *#..
#.........$.. , #..
##...≈≈...≈≈.≈ #..
####≈≈.≈≈≈≈.≈.... *#..
#######≈≈≈≈≈≈≈.≈≈≈≈..≈≈ ##
#..(..# #≈≈≈≈≈≈≈≈≈≈≈≈≈≈ ≈
##.....####....≈@O≈....o
............#...oo...o.≈,
............##≈(........ *,
.).##'#+#.......(......# ,
...##.#.#######..)....##
...##..≈≈≈≈≈≈≈##......#
...#.≈≈≈≈≈≈≈#≈*##.....#
...#.≈≈≈≈≈≈## **######* ,,
...#≈≈≈≈≈≈## ≈* *, ,


You could see an ogre, an orc wizard and 3 orcs.

Vanquished Creatures
  A quasit (D:4)
  An iguana (D:4)
  A worker ant (D:4)
  3 adders
  3 leopard geckos
  4 orcs
  4 bats
  3 giant cockroaches
  6 goblins
  3 hobgoblins
  A quokka (D:4)
  A jackal skeleton (D:4)
  3 kobolds
  2 rats
36 creatures vanquished.

Notes
Turn   | Place    | Note
-------+----------+-------------------------------------------
     0 | D:1      | Flugslaktarn the Deep Dwarf Fighter began the quest for the
                  | Orb.
     0 | D:1      | Reached XP level 1. HP: 20/20 MP: 1/1
   198 | D:2      | Reached XP level 2. HP: 21/27 MP: 2/2
   321 | D:3      | Found a stormy altar of Qazlal.
   337 | D:3      | Reached XP level 3. HP: 14/34 MP: 3/3
   504 | D:4      | Reached XP level 4. HP: 36/42 MP: 3/3
   745 | D:4      | Reached skill level 4 in Armour
   840 | D:4      | Found a sparkling altar of Nemelex Xobeh.
   870 | D:4      | Reached XP level 5. HP: 35/50 MP: 4/4
   993 | D:4      | Noticed an ogre
  1001 | D:4      | Slain by an ogre

Illustrated notes

Levels and vault maps discovered:
D:1:      giann_wishing_wells, layout_rooms, minmay_crystal_water
D:2:      layout_basic, uniq_sigmund, uniq_natasha
D:3:      layout_rooms, nicolae_ru_great_annihilating_truth,
          overflow_temple_1_default, ebering_ghost_sewer_d, minmay_ogre_servants
D:4:      kennysheep_spiral_hall, layout_basic,
          nemelex_xobeh_ov_fountains_minmay, serial_rivers,
          chequers_serial_rivers_small_3, chequers_serial_rivers_large_a,
          chequers_serial_rivers_room_a, chequers_serial_rivers_small_3,
          uniq_crazy_yiuf_cottage

Skill      XL: |  1  2  3  4 |
---------------+-------------+-----
Fighting       | 3 |  3.7
Axes           | 3 |  3.8
Armour         | 4 |  4.0
Shields        | |  3.9

Action                   |  1- 3 |  4- 6 || total
-------------------------+-------+-------++-------
Melee: War axe           |    68 |    45 ||   113
 Abil: Heal Wounds       |     1 |       ||     1
Armor: Scale mail        |    70 |    14 ||    84
Dodge: Dodged            |    32 |    18 ||    50
Block: Kite shield       |    60 |    17 ||    77

Table legend: (Time is in decaauts)
 A = Elapsed time spent in this place.
 B = Non-inter-level travel time spent in this place.
 C = Inter-level travel time spent in this place.
 D = Time resting spent in this place.
 E = Time spent auto-exploring this place.
 F = Levels seen in this place.
 G = Mean time per level.
                   A        B        C        D        E       F      G
               +--------+--------+--------+--------+--------+-----+--------+
         Total |   1056 |   1011 |     45 |      0 |    726 |   4 |  264.0 |
       Dungeon |   1056 |   1011 |     45 |      0 |    726 |   4 |  264.0 |
               +--------+--------+--------+--------+--------+-----+--------+

Top non-repeatable levels by time:
     D:4: 596 daAuts
     D:1: 192 daAuts
     D:2: 140 daAuts
     D:3: 126 daAuts
